 Dungeon Crawl Stone Soup version 0.31-a0-620-gd1cbd99268 (webtiles) character file.

Game seed: 12771846517501573111

79 LustLizard the Ruffian (level 4, -1/43 HPs)
             Began as an Octopode Shapeshifter on Aug 24, 2023.
             Killed from afar by Sigmund (3 damage)
             ... with a puff of flame
             ... on level 2 of the Dungeon.
             The game lasted 00:02:47 (1875 turns).

LustLizard the Ruffian (Octopode Shapeshifter)      Turns: 1875, Time: 00:02:48

Health: -1/43      AC: 22    Str: 14    XL:     4   Next: 38%
Magic:  4/4        EV:  2    Int: 12    God:
Gold:   94         SH:  0    Dex: 12    Spells: 3/3 levels left

rFire   . .          .
                       - Unarmed
rCold   . . .        (no shield)
rNeg    . . .        (helmet currently unavailable)
rPois   +            (no amulet)
rElec   .            (no ring)
rCorr   .            (no ring)
SInv    .            (no ring)
Will    .....        (no ring)
Stlth   ++           (no ring)
HPRegen 0.27/turn    (no ring)
MPRegen 0.09/turn    (no ring)
                     (no ring)

%: no passive effects
@: tree-form
A: stationary, stasis, torment immunity, boosted hp, almost no armour,
(amphibious), 8 rings, (camouflage 1), (gelatinous body 1), (nimble swimmer 1),
(tentacles)
a: no special abilities


You were on level 2 of the Dungeon.
You were a tree.
You visited 1 branch of the dungeon, and saw 2 of its levels.

You collected 94 gold pieces.

Inventory:

Talismans
 b - a beast talisman
 c - a flux talisman
Scrolls
 d - 2 scrolls of enchant armour {unknown}
Potions
 e - a potion of resistance {unknown}
 f - a potion of might {unknown}
 g - a potion of enlightenment {unknown}


   Skills:
 + Level 2.0 Fighting
 - Level 2.0 Dodging
 + Level 2.2 Stealth
 * Level 3.9 Unarmed Combat
 + Level 3.4 Shapeshifting


You had 3 spell levels left.
You didn't know any spells.
Your spell library was empty.

Dungeon Overview and Level Annotations

Branches:
Dungeon (2/15)

Altars:

Annotations:
D:2 Sigmund


Innate Abilities, Weirdness & Mutations

You are a tree.
Your roots penetrate the ground, keeping you stationary.
You cannot be teleported.
You are immune to unholy pain and torment.
Your maximum health is greatly increased.
You cannot wear most types of armour.
((You are amphibious.))
You can wear up to eight rings at the same time.
((Your skin changes colour to match your surroundings (Stealth+).))
((Your rubbery body absorbs attacks. (AC +1, EV +1)))
((You are camouflaged when in or above water. (Stealth+)))
((You have tentacles for arms and can constrict up to eight enemies at once.))


Message History

You attack the rock wall.
Something hits you but does no damage.
You closely miss something.
You nearly hit yourself!
You hear a zap.
A puff of flame appears from out of thin air!
The puff of flame hits you but does no damage.
You attack the rock wall.
Something hits you but does no damage.
You attack the rock wall.
You hear some strange, mumbled words.
Something tries to affect you, but you resist.
You smack something!
You hear some strange, mumbled words.
A magic dart appears from out of thin air!
The magic dart hits you but does no damage.
You closely miss something.
You hear some strange, mumbled words.
A magic dart appears from out of thin air!
The magic dart hits you.
* * * LOW HITPOINT WARNING * * *
You attack the rock wall.
Something completely misses you.
You swing at nothing.
You closely miss something. Something hits you but does no damage.
You attack the rock wall.
You feel less confused.
You smack something!
Something hits you.
* * * LOW HITPOINT WARNING * * *
You closely miss something.
You hear some strange, mumbled words.
Something tries to affect you, but you resist.
You completely miss something.
You hear some strange, mumbled words.
A magic dart appears from out of thin air!
The magic dart hits you.
* * * LOW HITPOINT WARNING * * *
You closely miss something. You miss something.
You hear a zap.
A puff of flame appears from out of thin air!
The puff of flame hits you.
You die...

~~~ ....>.....#####.#
... .....#.##.......#
..##......####### .
#.........# .
#.........# ..<#
.....###.#.# #.#.# .
##.#. #..^.### ....#..
##.#. ##.#.#<#
#.#........#.###♣#.#)#
...............{...#.#
..###..#.#...#######.#
............ . #.#
...# #.#.#.#.# #.#
...###.#.#.#.#######.#
...#.................#
..)......).#.#.#######
.........#.#.#.#


There were no monsters in sight!

Vanquished Creatures
  2 adders (D:2)
  2 dart slugs (D:1)
  11 endoplasms
  2 giant cockroaches (D:1)
  7 goblins
  2 hobgoblins (D:1)
  3 jackals (D:2)
  2 quokkas
  3 ball pythons
  5 bats
  2 frilled lizards (D:1)
  5 kobolds
  6 rats
52 creatures vanquished.

Notes
Turn   | Place    | Note
-------+----------+-------------------------------------------
     0 | D:1      | LustLizard the Octopode Shapeshifter began the quest for
                  | the Orb.
     0 | D:1      | Reached XP level 1. HP: 13/13 MP: 1/1
   164 | D:1      | Reached XP level 2. HP: 13/18 MP: 2/2
   263 | D:1      | Reached skill level 1 in Stealth
   579 | D:1      | Reached XP level 3. HP: 20/23 MP: 3/3
  1428 | D:2      | Reached XP level 4. HP: 29/29 MP: 4/4
  1570 | D:2      | Noticed Sigmund
  1873 | D:2      | HP: 1/43 [something/magic dart (4)]
  1875 | D:2      | Killed from afar by Sigmund

Illustrated notes

Levels and vault maps discovered:
D:1:      dpeg_arrival_subterranean_lakeside_camping, layout_loops_ring
D:2:      wander_river, layout_basic, corexii_leaking_fountain, uniq_sigmund

Skill      XL: |  1  2  3  4 |
---------------+-------------+-----
Stealth        | 1 2 |  2.2
Fighting       | 2 |  2.0
Dodging        | |  2.0
Unarmed Combat | |  3.9
Shapeshifting  | |  3.4

Action                     |  1- 3 |  4- 6 || total
---------------------------+-------+-------++-------
  Melee: Unarmed           |    62 |    37 ||    99
         Constrict         |    12 |     7 ||    19
         Tentacles         |    12 |     2 ||    14
         Punch             |     5 |       ||     5
    Use: Potion            |       |     1 ||     1
   Stab: Sleeping          |       |     1 ||     1
 Armour: Skin              |     6 |     7 ||    13
  Dodge: Dodged            |    27 |    13 ||    40

Table legend: (Time is in decaauts)
 A = Elapsed time spent in this place.
 B = Non-inter-level travel time spent in this place.
 C = Inter-level travel time spent in this place.
 D = Time resting spent in this place.
 E = Time spent auto-exploring this place.
 F = Levels seen in this place.
 G = Mean time per level.
                   A        B        C        D        E       F      G
               +--------+--------+--------+--------+--------+-----+--------+
         Total |   1866 |   1819 |     47 |     35 |    996 |   2 |  933.0 |
       Dungeon |   1866 |   1819 |     47 |     35 |    996 |   2 |  933.0 |
               +--------+--------+--------+--------+--------+-----+--------+

Top non-repeatable levels by time:
     D:1: 1147 daAuts
     D:2: 719 daAuts
